 Dungeon Crawl Stone Soup version 0.18-a0-1789-gbeff17f (webtiles) character file.

107 macross the Skirmisher (level 5, 0/42 HPs)
             Began as a Human Berserker on Apr 21, 2016.
             Was a Follower of Trog.
             Succumbed to an adder's poison
             ... on level 3 of the Dungeon.
             The game lasted 00:06:22 (1449 turns).

macross the Skirmisher (Human Berserker)            Turns: 1449, Time: 00:06:23

Health: 0/42       AC:  8    Str: 18    XL:     5   Next: 10%
Magic:  5/5        EV:  3    Int:  8    God:    Trog [*.....]
Gold:   22         SH: 11    Dex: 12    Spells: 0 memorised, 4 levels left

rFire  . . .     SeeInvis .     a - +0 short sword
rCold  . . .     Gourm    .     j - +0 chain mail
rNeg   . . .     Faith    .     i - +0 large shield
rPois  .         Spirit   .     (no helmet)
rElec  .         Dismiss  .     (no cloak)
rCorr  .         Reflect  .     (no gloves)
SustAt .         Harm     .     (no boots)
MR     .....                    (no amulet)
Stlth  ..........               (no ring)
                                (no ring)

@: lethally poisoned (0 -> -3), not resistant to hostile enchantments, extremely
unstealthy
A: no striking features
a: Berserk, Burn Spellbooks, Renounce Religion


You were on level 3 of the Dungeon.
You worshipped Trog.
Trog was aware of your devotion.
You were very hungry.

You visited 1 branch of the dungeon, and saw 3 of its levels.

You collected 22 gold pieces.

Inventory:

Hand Weapons
 a - a +0 short sword (weapon)
 c - a +0 short sword
 e - a +0 flail
Missiles
 h - 4 steel tomahawks (quivered)
Armour
 b - a +0 animal skin
 f - a +0 ring mail
 i - a +0 large shield (worn)
 j - a +0 chain mail (worn)
Scrolls
 d - 2 scrolls of identify
 g - a scroll of recharging


   Skills:
 + Level 3.8 Fighting
 + Level 3.8 Short Blades
 + Level 2.6 Armour
 + Level 3.0 Dodging


You had 4 spell levels left.
You didn't know any spells.

Dungeon Overview and Level Annotations

Branches:
Dungeon (3/15)

Altars:


Message History

You block the adder's attack.
You miss the adder.
The adder is severely wounded.
* * * LOW HITPOINT WARNING * * *
You feel sick. The adder bites you but does no damage.
You hit the adder.
You kill the adder!
Trog accepts your kill.
* * * LOW HITPOINT WARNING * * *
You feel sick.
* * * LOW HITPOINT WARNING * * *
You feel sick.
You see here an adder corpse.
* * * LOW HITPOINT WARNING * * *
You feel sick.
* * * LOW HITPOINT WARNING * * *
You feel sick.
* * * LOW HITPOINT WARNING * * *
You feel sick.
You die...

.#...##.....#....#.# ######.
.#.####.....#....#.#############.
.#.# #.....#....#.##..........#.
.#.####.....#....#.##..........#.
..........#.#**#....†...)......#.
##.########.# #........†......#.
#.# ###.####...............#. #.#
#.....................(#. #.#
#.......@..##..........#.
#.######.......#####............
##.#...............*#..........##
##.#.#############.*#..........#
##.#.# *,*#..........# ##.#.#
*********,*##.#########*
.#.#.#####..,,,,,,,* #.* *,,,,,,<
.#.#........,,,,,,,* *,* *,******
......####..,,,,,,,* *,* *,*


There were no monsters in sight!

Vanquished Creatures
  The ghost of Yehuk the Covered, an amateur GrFi (D:3)
  An adder (D:3)
  An ooze (D:3)
  A dart slug (D:3)
  A giant gecko (D:1)
  2 orcs (D:3)
  2 goblins (D:3)
  A hobgoblin (D:3)
  A kobold (D:3)
  A ball python (D:3)
  3 giant newts (D:3)
  4 rats
19 creatures vanquished.

Notes
Turn   | Place    | Note
--------------------------------------------------------------
     0 | D:1      | macross the Human Berserker began the quest for the Orb.
     0 | D:1      | Reached XP level 1. HP: 18/18 MP: 1/1
   423 | D:3      | Reached XP level 2. HP: 18/24 MP: 2/2
   500 | D:3      | Noticed Yehuk's ghost (amateur GrFi)
   519 | D:3      | Killed Yehuk's ghost
   519 | D:3      | Reached XP level 3. HP: 22/30 MP: 3/3
   519 | D:3      | Reached XP level 4. HP: 27/37 MP: 4/4
  1278 | D:3      | Reached XP level 5. HP: 30/42 MP: 5/5
  1296 | D:3      | HP: 2/42 [poisoned by a goblin]
  1301 | D:3      | HP: 1/42 [poisoned by a goblin]
  1307 | D:3      | HP: 1/42 [poisoned by a goblin]
  1443 | D:3      | HP: 2/42 [poisoned by an adder]
  1449 | D:3      | Succumbed to an adder's poison

Vault maps used:
D:1:      dpeg_arrival_renting, minmay_misc_feat_iff

Skill      XL: |  1  2  3  4 |
---------------+-------------+-----
Dodging        | 3 |  3.0
Fighting       | |  3.8
Short Blades   | |  3.8
Armour         | |  2.6

Action                   |  1- 3 |  4- 6 || total
-------------------------+-------+-------++-------
Melee: Short sword       |    47 |    46 ||    93
Invok: Berserk           |     2 |     2 ||     4
  Use: Scroll            |       |     2 ||     2
       Potion            |       |     1 ||     1
  Eat: Bread ration      |       |     1 ||     1
Armor: Animal skin       |     9 |       ||     9
       Chain mail        |       |    14 ||    14
       Ring mail         |       |     3 ||     3
Dodge: Dodged            |    22 |    14 ||    36
Block: Large shield      |       |    15 ||    15
